SKY
CHICAGO CUBS @ ST. LOUIS CARDINALS
10/06/2051
 
TOP OF THE 1ST
Chicago Cubs batting - Pitching for St. Louis Cardinals : RHP Nils Vanderbilt
Pitching: RHP Nils Vanderbilt
Batting: LHB José Armijo 0-0: Foul Ball, location: 2F
0-1: Foul Ball, location: 9LDF
0-2: Ground out 4-3 (Groundball, 4S, EV 80.6 MPH)
Batting: LHB Abdul Williams 0-0: Ball
1-0: Foul Ball, location: 3FF
1-1: Swinging Strike
1-2: Foul Ball, location: 2F
1-2: SINGLE (Line Drive, 8RS, EV 107.5 MPH)
Batting: LHB Sebastian Reznik 0-0: Ball
1-0: Called Strike
1-1: Ball
2-1: Ball
3-1: Fly out, F5 (Popup, 25F, EV 82.5 MPH)
Batting: RHB Meredith Moore 0-0: Fly out, F7 (Line Drive, 7, EV 100.6 MPH)
Top of the 1st over - 0 runs, 1 hit, 0 errors, 1 left on base; Chicago 0 - St. Louis 0
BOTTOM OF THE 1ST
St. Louis Cardinals batting - Pitching for Chicago Cubs : LHP Erminio Tomsjansen
Pitching: LHP Erminio Tomsjansen
Batting: RHB Bobby Grimm 0-0: Swinging Strike
0-1: Foul Ball, location: 9LDF
0-2: Ball
1-2: Strikes out swinging
Batting: SHB Lucas Cavanaugh 0-0: Ground out 1-3 (Groundball, 15, EV 70.0 MPH)
Batting: RHB Dan Moore 0-0: Ball
1-0: Called Strike
1-1: Called Strike
1-2: Strikes out swinging
Bottom of the 1st over - 0 runs, 0 hits, 0 errors, 0 left on base; Chicago 0 - St. Louis 0
TOP OF THE 2ND
Chicago Cubs batting - Pitching for St. Louis Cardinals : RHP Nils Vanderbilt
Batting: LHB Ben Waters 0-0: Called Strike
0-1: Foul Ball, location: 7LMF
0-2: Foul Ball, location: 3FF
0-2: Ball
1-2: Ball
2-2: Ball
3-2: Strikes out looking
Batting: RHB Evan Dankowski 0-0: Ball
1-0: Ball
2-0: Ground out 3-1 (Groundball, 34, EV 88.1 MPH)
Batting: RHB Jonah Daley 0-0: Foul Ball, location: 2F
0-1: Foul Ball, location: 2F
0-2: Ball
1-2: Ball
2-2: Ground out 5-3 (Groundball, 56S, EV 83.8 MPH)
Top of the 2nd over - 0 runs, 0 hits, 0 errors, 0 left on base; Chicago 0 - St. Louis 0
BOTTOM OF THE 2ND
St. Louis Cardinals batting - Pitching for Chicago Cubs : LHP Erminio Tomsjansen
Batting: SHB Sammy Horgan 0-0: Ball
1-0: Foul Ball, location: 5FF
1-1: Ball
2-1: Foul Ball, location: 2F
2-2: Ball
3-2: Hit by Pitch
Batting: RHB Josué Caballero Pickoff Throw to First - Error! E1
Sammy Horgan to second
0-0: Ground out 6-3 (Groundball, 6, EV 85.0 MPH)
Batting: SHB Joseph Mitchell 0-0: Foul Ball, location: 7LMF
0-1: Called Strike
0-2: Ball
1-2: Ball
2-2: SINGLE (Groundball, 34D, EV 106.3 MPH)
Sammy Horgan to third
Runner from 3rd tries for Home, SAFE, throw by RF to home
Joseph Mitchell to second
Batting: RHB Paco Paredes 0-0: Ball
1-0: Called Strike
1-1: Fly out, F9 (Flyball, 9D, EV 103.8 MPH)
Runner from 2nd tags up, SAFE at 3rd, no throw by RF
Batting: LHB Josef Rosendorff 0-0: Called Strike
0-1: Ball
1-1: SINGLE (Line Drive, 78S, EV 105.0 MPH)
Joseph Mitchell scores
Batting: RHB Wyatt Winkleman 0-0: Ball
1-0: SINGLE (Groundball, 13, EV 80.6 MPH) (infield hit)
Josef Rosendorff to second
Batting: RHB Bobby Grimm 0-0: Ball
1-0: Foul Ball, location: 2F
1-1: 3-RUN HOME RUN (Flyball, 78XD, EV 103.8 MPH), Distance : 410 ft
Batting: SHB Lucas Cavanaugh 0-0: Swinging Strike
0-1: Ball
1-1: Called Strike
1-2: Strikes out swinging passed ball, reaches first!
Batting: RHB Dan Moore 0-0: Ball
1-0: Fielders Choice at 2nd, 6-4 (Groundball, 6, EV 88.1 MPH)
Bottom of the 2nd over - 5 runs, 4 hits, 1 error, 1 left on base; Chicago 0 - St. Louis 5
TOP OF THE 3RD
Chicago Cubs batting - Pitching for St. Louis Cardinals : RHP Nils Vanderbilt
Batting: RHB Derek McCone 0-0: Ball
1-0: SINGLE (Groundball, 6MD, EV 108.1 MPH)
Batting: RHB Bobby King 0-0: Ball
1-0: Called Strike
1-1: Ball
Derek McCone steals 2nd base
2-1: SINGLE (Line Drive, 8RS, EV 92.5 MPH)
Derek McCone to third
Batting: LHB José Armijo 0-0: Called Strike
0-1: Ball
1-1: Swinging Strike
1-2: Ball
2-2: Grounds into double play, 5-4-3 (Groundball, 25, EV 81.9 MPH)
Derek McCone scores
Batting: LHB Abdul Williams 0-0: Ball
1-0: Ground out 3-1 (Groundball, 34S, EV 83.1 MPH)
Top of the 3rd over - 1 run, 2 hits, 0 errors, 0 left on base; Chicago 1 - St. Louis 5
BOTTOM OF THE 3RD
St. Louis Cardinals batting - Pitching for Chicago Cubs : LHP Erminio Tomsjansen
Batting: SHB Sammy Horgan 0-0: Ball
1-0: Called Strike
1-1: Ball
2-1: Foul Ball, location: 7LDF
2-2: SINGLE (Groundball, 6MD, EV 101.3 MPH)
Batting: RHB Josué Caballero 0-0: Called Strike
0-1: Ball
1-1: Called Strike
1-2: Ball
2-2: Foul Ball, location: 25F
2-2: Strikes out swinging
Batting: SHB Joseph Mitchell 0-0: Fly out, F8 (Line Drive, 89M, EV 92.5 MPH)
Batting: RHB Paco Paredes 0-0: Called Strike
0-1: Ball
1-1: Ball
2-1: Fly out, F2 (Popup, 2LF, EV 91.3 MPH)
Bottom of the 3rd over - 0 runs, 1 hit, 0 errors, 1 left on base; Chicago 1 - St. Louis 5
TOP OF THE 4TH
Chicago Cubs batting - Pitching for St. Louis Cardinals : RHP Nils Vanderbilt
Batting: LHB Sebastian Reznik 0-0: Called Strike
0-1: Ball
1-1: Foul Ball, location: 3FF
1-2: Ball
2-2: Foul Ball, location: 2F
2-2: Foul Ball, location: 3F
2-2: SINGLE (Line Drive, 5D, EV 99.4 MPH)
Batting: RHB Meredith Moore 0-0: Ball
1-0: Ball
2-0: Foul Ball, location: 9LDF
2-1: Swinging Strike
2-2: SINGLE (Line Drive, 4MD, EV 109.4 MPH)
Sebastian Reznik to second
Batting: LHB Ben Waters 0-0: Foul Ball, location: 5SF
0-1: Ball
1-1: Called Strike
1-2: Ball
2-2: Strikes out looking
Batting: RHB Evan Dankowski 0-0: Ball
1-0: Ball
2-0: Foul Ball, location: 9LMF
2-1: Foul Ball, location: 2LF
2-2: Strikes out swinging
Batting: RHB Jonah Daley 0-0: Called Strike
0-1: Fly out, F7 (Flyball, 78M, EV 85.6 MPH)
Top of the 4th over - 0 runs, 2 hits, 0 errors, 2 left on base; Chicago 1 - St. Louis 5
BOTTOM OF THE 4TH
St. Louis Cardinals batting - Pitching for Chicago Cubs : LHP Erminio Tomsjansen
Batting: LHB Josef Rosendorff 0-0: Foul Ball, location: 9LDF
0-1: Ball
1-1: Ball
2-1: Swinging Strike
2-2: SINGLE (Line Drive, 5L, EV 108.8 MPH)
Pitching: LHP Duncan O'Reilly
Batting: RHB Wyatt Winkleman 0-0: Called Strike
0-1: Fly out, F9 (Flyball, 9LS, EV 91.9 MPH)
Batting: RHB Bobby Grimm 0-0: Ball
1-0: Foul Ball, location: 9LSF
1-1: Foul Ball, location: 9LMF
1-2: Fly out, F6 (Popup, 6MS, EV 76.3 MPH)
Batting: SHB Lucas Cavanaugh 0-0: Ball
1-0: Foul Ball, location: 9LDF
1-1: Called Strike
1-2: Ball
2-2: Ball
3-2: Fly out, F3 (Popup, 3F, EV 71.3 MPH)
Bottom of the 4th over - 0 runs, 1 hit, 0 errors, 1 left on base; Chicago 1 - St. Louis 5
TOP OF THE 5TH
Chicago Cubs batting - Pitching for St. Louis Cardinals : RHP Nils Vanderbilt
Batting: RHB Derek McCone 0-0: Foul Ball, location: 2F
0-1: Foul Ball, location: 9LDF
0-2: Ball
1-2: Fly out, F7 (Flyball, 7D, EV 101.9 MPH)
Batting: RHB Bobby King 0-0: Ball
1-0: Fly out, F9 (Flyball, 9, EV 97.5 MPH)
Batting: LHB José Armijo 0-0: Called Strike
0-1: Foul Ball, location: 5F
0-2: Ball
1-2: Fly out, F4 (Popup, 4S, EV 66.9 MPH)
Top of the 5th over - 0 runs, 0 hits, 0 errors, 0 left on base; Chicago 1 - St. Louis 5
BOTTOM OF THE 5TH
St. Louis Cardinals batting - Pitching for Chicago Cubs : LHP Duncan O'Reilly
Batting: RHB Dan Moore 0-0: Ball
1-0: Called Strike
1-1: SOLO HOME RUN (Flyball, 9D, EV 95.0 MPH), Distance : 374 ft
Batting: SHB Sammy Horgan 0-0: Called Strike
0-1: Ball
1-1: Ball
2-1: Called Strike
2-2: Strikes out swinging
Batting: RHB Josué Caballero 0-0: Ground out 5-3 (Groundball, 5, EV 80.6 MPH)
Batting: SHB Joseph Mitchell 0-0: Ball
1-0: Ball
2-0: Foul Ball, location: 9LMF
2-1: Called Strike
2-2: Ground out 6-3 (Groundball, 6, EV 106.3 MPH)
Bottom of the 5th over - 1 run, 1 hit, 0 errors, 0 left on base; Chicago 1 - St. Louis 6
TOP OF THE 6TH
Chicago Cubs batting - Pitching for St. Louis Cardinals : RHP Nils Vanderbilt
Batting: LHB Abdul Williams 0-0: Ball
1-0: Fly out, F8 (Line Drive, 8LD, EV 106.9 MPH)
Batting: LHB Sebastian Reznik 0-0: Called Strike
0-1: Ground out 4-3 (Groundball, 4, EV 87.5 MPH)
Batting: RHB Meredith Moore 0-0: Fly out, F9 (Flyball, 89M, EV 89.4 MPH)
Top of the 6th over - 0 runs, 0 hits, 0 errors, 0 left on base; Chicago 1 - St. Louis 6
BOTTOM OF THE 6TH
St. Louis Cardinals batting - Pitching for Chicago Cubs : LHP Duncan O'Reilly
Batting: RHB Paco Paredes 0-0: Ball
1-0: Foul Ball, location: 9LSFF
1-1: SINGLE (Groundball, 6MD, EV 110.0 MPH)
Batting: LHB Josef Rosendorff 0-0: Called Strike
0-1: Grounds into double play, 4-6-3 (Groundball, 13, EV 81.3 MPH)
Batting: RHB Wyatt Winkleman 0-0: Ball
1-0: Swinging Strike
1-1: Ball
2-1: Called Strike
2-2: Strikes out swinging
Bottom of the 6th over - 0 runs, 1 hit, 0 errors, 0 left on base; Chicago 1 - St. Louis 6
TOP OF THE 7TH
Chicago Cubs batting - Pitching for St. Louis Cardinals : RHP Nils Vanderbilt
Batting: LHB Ben Waters 0-0: Ball
1-0: Called Strike
1-1: Ground out 5-3 (Groundball, 5L, EV 85.0 MPH)
Batting: RHB Evan Dankowski 0-0: Foul Ball, location: 2F
0-1: Foul Ball, location: 9LMF
0-2: Ground out 4-3 (Groundball, 4, EV 100.6 MPH)
Batting: RHB Jonah Daley 0-0: Swinging Strike
0-1: Ball
1-1: Ball
2-1: Ground out 5-3 (Groundball, 5, EV 86.3 MPH)
Top of the 7th over - 0 runs, 0 hits, 0 errors, 0 left on base; Chicago 1 - St. Louis 6
BOTTOM OF THE 7TH
St. Louis Cardinals batting - Pitching for Chicago Cubs : LHP Duncan O'Reilly
Batting: RHB Bobby Grimm 0-0: Ball
1-0: Ball
2-0: Called Strike
2-1: Ground out 5-3 (Groundball, 56, EV 107.5 MPH)
Batting: SHB Lucas Cavanaugh 0-0: Foul Ball, location: 5SF
0-1: Foul Ball, location: 2F
0-2: Ball
1-2: Strikes out swinging
Batting: RHB Dan Moore 0-0: SOLO HOME RUN (Line Drive, 78XD, EV 105.6 MPH), Distance : 406 ft
Batting: SHB Sammy Horgan 0-0: Called Strike
0-1: Swinging Strike
0-2: Strikes out swinging
Bottom of the 7th over - 1 run, 1 hit, 0 errors, 0 left on base; Chicago 1 - St. Louis 7
TOP OF THE 8TH
Chicago Cubs batting - Pitching for St. Louis Cardinals : RHP Nils Vanderbilt
Pitching: RHP J.J. Jones
Batting: RHB Derek McCone 0-0: Ball
1-0: Ball
2-0: Called Strike
2-1: Foul Ball, location: 9LDF
2-2: Ball
3-2: Fly out, F8 (Flyball, 8LD, EV 86.9 MPH)
Batting: RHB Bobby King 0-0: Ball
1-0: Called Strike
1-1: Foul Ball, location: 2F
1-2: Ball
2-2: Ball
3-2: Base on Balls
Batting: LHB José Armijo 0-0: Called Strike
0-1: Foul Ball, location: 7LMF
0-2: Ball
1-2: Foul Ball, location: 5SF
1-2: Foul Ball, location: 7LMF
1-2: Fly out, F8 (Flyball, 8LD, EV 91.3 MPH)
Batting: LHB Abdul Williams 0-0: Foul Ball, location: 25F
0-1: Swinging Strike
0-2: SINGLE (Line Drive, 8LS, EV 100.6 MPH)
Bobby King to second
Batting: LHB Sebastian Reznik 0-0: Called Strike
0-1: Ball
Wild Pitch!
Bobby King to third
Abdul Williams to second
1-1: Foul Ball, location: 9LSF
1-2: SINGLE (Groundball, 34D, EV 96.3 MPH)
Bobby King scores
Abdul Williams to third
Runner from 3rd tries for Home, throw by RF and OUT! 9-2
Top of the 8th over - 1 run, 2 hits, 0 errors, 1 left on base; Chicago 2 - St. Louis 7
BOTTOM OF THE 8TH
St. Louis Cardinals batting - Pitching for Chicago Cubs : LHP Duncan O'Reilly
Batting: RHB Josué Caballero 0-0: Foul Ball, location: 2F
0-1: Called Strike
0-2: Strikes out swinging
Batting: SHB Joseph Mitchell 0-0: Swinging Strike
0-1: Called Strike
0-2: Strikes out looking
Batting: RHB Paco Paredes 0-0: Fly out, F7 (Line Drive, 7S, EV 86.3 MPH)
Bottom of the 8th over - 0 runs, 0 hits, 0 errors, 0 left on base; Chicago 2 - St. Louis 7
TOP OF THE 9TH
Chicago Cubs batting - Pitching for St. Louis Cardinals : RHP J.J. Jones
Batting: RHB Meredith Moore 0-0: Foul Ball, location: 2F
0-1: Ball
1-1: Ball
2-1: Swinging Strike
2-2: Strikes out swinging
Batting: LHB Ben Waters 0-0: Foul Ball, location: 9LSF
0-1: Ball
1-1: Swinging Strike
1-2: Ball
2-2: SINGLE (Line Drive, 9S, EV 105.0 MPH)
Batting: RHB Evan Dankowski 0-0: Foul Ball, location: 2F
0-1: Grounds into double play, 2-6-3 (Groundball, 13S, EV 64.4 MPH)
Top of the 9th over - 0 runs, 1 hit, 0 errors, 0 left on base; Chicago 2 - St. Louis 7
Monday, April 1st , 2024 - OOTP Baseball 24.11 Build 85